cohdb
Replays
Latest Replays
All Replays
Popular Replays
Top Player Replays
Match Explorer
How It Works
Community
CoH3 Stats
Reddit
Sign in to upload your games and track your stats! →
Sign in with Steam
Match 45948563
Unlisted
Match 45948563
Overview
Messages
Build Orders
End
Construct Barracks
Engineer Squad
Selects Advanced Infantry Battlegroup
Riflemen Squad
Riflemen Squad
Riflemen Squad
Construct Weapon Support Center
Selects Convert to Ranger Squad
Convert to Ranger Squad
M1919 Machine Gun Team
Selects Frontline Medical Station
Construct Medical Station
Convert to Ranger Squad
Frontline Medical Station
Infantry Support Center
Selects Ranger Weapon Training
Survival Training
Convert to Ranger Squad
Frontline Medical Station
donovan15
Toejamkid
Field marshal Prince
Addictus Caesar
เคี้ยง Roblox
Juls_art_work
Steve Forsing
04清龙
0
0
Comments
sign in to comment!
No comments posted yet!